 Dungeon Crawl Stone Soup version 0.25-a0-549-g6e6e6501ad (webtiles) character file.

Game seed: 16770428539251494903, levelgen mode: deterministic

823 ReteAZ the Charmwright (level 7, -4/55 (56) HPs)
             Began as a Gnoll Skald on Feb 23, 2020.
             Was an Initiate of Cheibriados.
             Slain by a troll (15 damage)
             ... on level 5 of the Dungeon.
             The game lasted 00:11:33 (6022 turns).

ReteAZ the Charmwright (Gnoll Skald)                Turns: 6022, Time: 00:11:33

HP:   -4/55 (56)    AC:  5    Str: 16    XL:     7   Next: 96%
MP:   5/15          EV: 13    Int: 17    God:    Cheibriados [......]
Gold: 201           SH:  5    Dex: 15    Spells: 11/17 levels left

rFire    . . .     SeeInvis .   a - +0 spear
rCold    . . .     Gourm    .   i - +0 buckler
rNeg     . . .     Faith    .   s - +0 ring mail
rPois    .         Spirit   .   (no helmet)
rElec    .         Reflect  .   (no cloak)
rCorr    .         Harm     .   (no gloves)
MR       .....                  (no boots)
Stlth    ++........             (no amulet)
HPRegen  0.18/turn              (no ring)
MPRegen  0.14/turn              (no ring)

@: infused, very slow
A: distributed training, fangs 1, strong nose
a: Bend Time, Renounce Religion


You were on level 5 of the Dungeon.
You worshipped Cheibriados.
Cheibriados was noncommittal.
You were very hungry.

You visited 2 branches of the dungeon, and saw 6 of its levels.

You collected 201 gold pieces.

Inventory:

Hand Weapons
 a - a +0 spear (weapon)
 n - a +4 whip
 A - a +0 halberd
Missiles
 e - 7 javelins (quivered)
 f - 14 poisoned darts
 t - 2 boomerangs
Armour
 i - a +0 buckler (worn)
 s - a +0 ring mail (worn)
 u - a +0 chain mail
Wands
 p - a wand of polymorph (6)
Scrolls
 c - 13 scrolls of identify {unknown}
 h - 3 scrolls of enchant armour {unknown}
 k - 2 scrolls of amnesia {unknown}
 l - a scroll of teleportation {unknown}
 m - 2 scrolls of fog {unknown}
 x - a scroll of remove curse {unknown}
Potions
 g - 3 potions of heal wounds {unknown}
 j - 2 potions of brilliance {unknown}
 o - a potion of haste {unknown}
 q - a potion of might {unknown}
 r - a potion of degeneration {unknown}
 v - 2 potions of resistance {unknown}
 w - 2 potions of stabbing {unknown}
 z - a potion of mutation {unknown}
Comestibles
 d - 14 rations


   Skills:
 + Level 5.4 Fighting
 + Level 2.7 Short Blades
 + Level 2.7 Long Blades
 + Level 2.7 Axes
 + Level 2.7 Maces & Flails
 + Level 5.4 Polearms
 + Level 2.7 Staves
 + Level 2.7 Slings
 + Level 2.7 Bows
 + Level 2.7 Crossbows
 + Level 2.7 Throwing
 + Level 3.8 Armour
 + Level 5.4 Dodging
 + Level 2.7 Stealth
 + Level 2.7 Shields
 + Level 2.7 Unarmed Combat
 + Level 5.7 Spellcasting
 + Level 2.2 Conjurations
 + Level 2.2 Hexes
 + Level 5.9 Charms
 + Level 2.2 Summonings
 + Level 2.2 Necromancy
 + Level 2.2 Translocations
 + Level 2.2 Transmutations
 + Level 2.2 Fire Magic
 + Level 2.2 Ice Magic
 + Level 2.2 Air Magic
 + Level 2.2 Earth Magic
 + Level 2.2 Poison Magic
 + Level 3.0 Invocations
 + Level 2.7 Evocations


You had 11 spell levels left.
You knew the following spells:

 Your Spells              Type           Power        Failure   Level  Hunger
a - Infusion              Chrm           ####         2%          1    None
b - Song of Slaying       Chrm           ####....     3%          2    #......
c - Spectral Weapon       Hex/Chrm       ###.....     16%         3    ##.....

Your spell library contained the following spells:

 Spells                   Type           Power        Failure   Level  Hunger
 Shroud of Golubria       Chrm/Tloc      ###...       8%          2    #......
 Ozocubu's Armour         Chrm/Ice       ###.....     16%         3    ##.....


Dungeon Overview and Level Annotations

Branches:
Dungeon (5/15)             Temple (1/1) D:5

Altars:
Cheibriados
Dithmenos
Fedhas
Makhleb
Nemelex Xobeh
Okawaru
Qazlal
Sif Muna
Uskayaw
Vehumet
Xom
Yredelemnul


Innate Abilities, Weirdness & Mutations

Your experience applies equally to all skills.
You have very sharp teeth.
Your uncanny sense of smell can sniff out nearby items.


Message History

Your spectral weapon hits the troll but does no damage.
You hit the troll.
The troll is heavily wounded.
Your spectral weapon hits the troll!
The troll closely misses your spectral weapon.
The troll claws your spectral weapon.
Your spectral weapon shares its damage with you!
* * * LOW HITPOINT WARNING * * *
The troll barely misses your spectral weapon.
You closely miss the troll.
The troll is severely wounded.
Your spectral weapon closely misses the troll.
The troll bites you.
* * * LOW HITPOINT WARNING * * *
The troll claws you but does no damage. The troll barely misses you.
You hit the troll. You bite the troll, but do no damage.
The troll is almost dead.
Your spectral weapon closely misses the troll.
The troll bites you!
You die...

∆ ### ######## #.#
#####+#......# ###.# .
#............####.#.#
..#............'....#.#
...............###.##.#
................§≈§...#
......(..##+##.≈≈§≈≈..#
......T@......§≈≈≈≈≈≈.##
........#####.§§≈>§§§.##
...#...## ##§≈§§≈≈≈###
.. #... #.≈≈§≈≈.# # ####
#..≈§≈..# # ######.####
#..... ###### #


You could see a troll and a friendly spectral +0 spear.

Vanquished Creatures
  Sigmund (D:3)
  A necrophage (D:5)
  An ogre (D:4)
  3 orc priests
  3 orc wizards
  An iguana (D:3)
  2 worker ants
  10 gnolls
  4 adders
  An ooze (D:5)
  2 worms
  6 dart slugs
  2 leopard geckos
  15 orcs
  2 giant cockroaches
  12 goblins
  6 hobgoblins
  7 jackals (D:3)
  2 quokkas (D:3)
  A ball python (D:2)
  A ball python skeleton (D:4)
  9 bats
  3 frilled lizards
  13 kobolds
  6 rats
114 creatures vanquished.

Notes
Turn   | Place    | Note
-------+----------+-------------------------------------------
     0 | D:1      | ReteAZ the Gnoll Skald began the quest for the Orb.
     0 | D:1      | Reached XP level 1. HP: 20/20 MP: 6/6
   145 | D:1      | Reached XP level 2. HP: 26/26 MP: 7/7
   538 | D:1      | Reached XP level 3. HP: 31/31 MP: 9/9
   683 | D:2      | Reached skill level 5 in Spellcasting
   971 | D:2      | Found a radiant altar of Vehumet.
   987 | D:2      | Reached skill level 1 in Invocations
  1112 | D:2      | Reached skill level 1 in Short Blades
  1112 | D:2      | Reached skill level 1 in Long Blades
  1112 | D:2      | Reached skill level 1 in Axes
  1112 | D:2      | Reached skill level 1 in Maces & Flails
  1112 | D:2      | Reached skill level 1 in Staves
  1112 | D:2      | Reached skill level 1 in Slings
  1112 | D:2      | Reached skill level 1 in Bows
  1112 | D:2      | Reached skill level 1 in Crossbows
  1112 | D:2      | Reached skill level 1 in Throwing
  1112 | D:2      | Reached skill level 1 in Stealth
  1112 | D:2      | Reached skill level 1 in Shields
  1112 | D:2      | Reached skill level 1 in Unarmed Combat
  1112 | D:2      | Reached skill level 1 in Evocations
  1324 | D:2      | Reached XP level 4. HP: 15/38 MP: 8/11
  1981 | D:2      | Reached skill level 1 in Conjurations
  1981 | D:2      | Reached skill level 1 in Hexes
  1981 | D:2      | Reached skill level 1 in Summonings
  1981 | D:2      | Reached skill level 1 in Necromancy
  1981 | D:2      | Reached skill level 1 in Translocations
  1981 | D:2      | Reached skill level 1 in Transmutations
  1981 | D:2      | Reached skill level 1 in Fire Magic
  1981 | D:2      | Reached skill level 1 in Ice Magic
  1981 | D:2      | Reached skill level 1 in Air Magic
  1981 | D:2      | Reached skill level 1 in Earth Magic
  1981 | D:2      | Reached skill level 1 in Poison Magic
  2374 | D:3      | Reached XP level 5. HP: 43/43 MP: 5/12
  2784 | D:3      | Noticed Sigmund
  2954 | D:3      | Killed Sigmund
  2954 | D:3      | Reached skill level 5 in Fighting
  2954 | D:3      | Reached skill level 5 in Polearms
  2954 | D:3      | Reached skill level 5 in Dodging
  2954 | D:3      | Reached XP level 6. HP: 45/51 MP: 5/14
  3132 | D:3      | Learned a level 2 spell: Song of Slaying
  3155 | D:3      | Reached XP level 7. HP: 50/56 MP: 5/15
  5169 | D:5      | Entered Level 5 of the Dungeon
  5432 | D:5      | Learned a level 3 spell: Spectral Weapon
  5721 | D:5      | Found an iron altar of Okawaru.
  5747 | D:5      | Found a hide-covered altar of Uskayaw.
  5749 | D:5      | Noticed a +0 hand axe
  5749 | D:5      | Noticed a +0 dagger
  5818 | D:5      | Found a staircase to the Ecumenical Temple.
  5825 | Temple   | Entered the Ecumenical Temple
  5950 | Temple   | Became a worshipper of Cheibriados the Contemplative
  6011 | D:5      | Noticed a troll
  6022 | D:5      | Slain by a troll

Levels and vault maps discovered:
D:1:      scummos_arrival_checkerplants, layout_loops_ring, minmay_pentomino_t2
D:2:      wad_lake_hut, layout_rooms, vehumet_crystals
D:3:      kennysheep_six_static_rooms, layout_basic, uniq_sigmund
D:4:      layout_layer_cave, first_ration
D:5:      layout_basic, kennysheep_okawaru_gauntlet, dancing_weapons_uskayaw,
          grunt_temple_overflow_diamond, hangedman_ru_absence,
          minmay_temple_entry_mist, uniq_crazy_yiuf_cottage
Temple:   jpeg_temple_island

Skill      XL: |  1  2  3  4  5  6  7 |
---------------+----------------------+-----
Spellcasting   | 5 |  5.7
Invocations    | 1 2 3 |  3.0
Short Blades   | 1 2 |  2.7
Long Blades    | 1 2 |  2.7
Axes           | 1 2 |  2.7
Maces & Flails | 1 2 |  2.7
Staves         | 1 2 |  2.7
Slings         | 1 2 |  2.7
Bows           | 1 2 |  2.7
Crossbows      | 1 2 |  2.7
Throwing       | 1 2 |  2.7
Stealth        | 1 2 |  2.7
Shields        | 1 2 |  2.7
Unarmed Combat | 1 2 |  2.7
Evocations     | 1 2 |  2.7
Conjurations   | 1 2 |  2.2
Hexes          | 1 2 |  2.2
Summonings     | 1 2 |  2.2
Necromancy     | 1 2 |  2.2
Translocations | 1 2 |  2.2
Transmutations | 1 2 |  2.2
Fire Magic     | 1 2 |  2.2
Ice Magic      | 1 2 |  2.2
Air Magic      | 1 2 |  2.2
Earth Magic    | 1 2 |  2.2
Poison Magic   | 1 2 |  2.2
Armour         | 3 |  3.8
Fighting       | 5 |  5.4
Polearms       | 5 |  5.4
Dodging        | 5 |  5.4
Charms         | |  5.9

Action                   |  1- 3 |  4- 6 |  7- 9 || total
-------------------------+-------+-------+-------++-------
Melee: Spear             |   167 |   169 |   157 ||   493
       Bite              |    21 |    11 |    13 ||    45
 Cast: Infusion          |     4 |    11 |     7 ||    22
       Song of Slaying   |       |     1 |     2 ||     3
       Spectral Weapon   |       |       |     3 ||     3
 Stab: Sleeping          |     2 |       |       ||     2
       Distracted        |     1 |       |       ||     1
  Eat: Chunk             |     2 |     2 |     8 ||    12
       Ration            |       |     1 |       ||     1
Armor: Leather armour    |    26 |     6 |       ||    32
       Ring mail         |       |    26 |    14 ||    40
Dodge: Dodged            |    70 |    68 |    50 ||   188
Block: Buckler           |    12 |    24 |    14 ||    50

Table legend:
 A = Non-vault XP
 B = Vault XP
 C = Vault XP percentage of total XP
 D = Non-vault monster count
 E = Vault monster count
 F = Vault count percentage of total count
                 A         B        C        D         E       F
            +---------+---------+-------+---------+---------+-------
      Total |     945 |     231 |  19.6 |     103 |      11 |   9.6
            +---------+---------+-------+---------+---------+-------
        D:1 |      48 |       3 |   5.9 |      18 |       2 |  10.0
        D:2 |     102 |       0 |   0.0 |      28 |       0 |   0.0
        D:3 |     348 |     224 |  39.2 |      38 |       7 |  15.6
        D:4 |     220 |       0 |   0.0 |      11 |       0 |   0.0
        D:5 |     227 |       4 |   1.7 |       8 |       2 |  20.0
            +---------+---------+-------+---------+---------+-------
